General information
			
			
        
        - name: BNet
 
        - type: Ladder team game (AT/RT)
 
        - host: Battle.net
 
        - saver: ItsHipToBeTower
 
        
map: Mur'gulOasis 
        - players: 8
 
        - length: 75:05
 
        - speed: Fast
 - version: 1.22 W3XP
 - replay type:  Public
 
» download(407 KB)
Players
        team 1 (loser) 
              
              
christmas.bud (
teal | 37 APM | 2193 actions | 58:57)
              
 5 Demon Hunter 
 3 Mana Burn
 2 Immolation
 
                » actions 
                
                | Assign group hotkey | 29 |  | 
| Basic commands | 307 |  | 
| Build / train | 71 |  | 
| Enter build submenu | 41 |  | 
| Enter hero's abilities submenu | 5 |  | 
| Give item / drop item | 4 |  | 
| Remove unit from queue | 3 |  | 
| Right click | 528 |  | 
| Select / deselect | 409 |  | 
| Select group hotkey | 710 |  | 
| Use ability | 86 |  | 
                2193 total
 » units 
                
                | Wisp | 35 |  | 
| Archer | 11 |  | 
| Glaive Thrower | -1 |  | 
| Druid of the Claw | 7 |  | 
                52 total
 » upgrades
                
                | Druid of the Claw Training | 2 |  | 
| Mark of the Claw | 1 |  | 
                3 total
 » buildings
                
                | Altar of Elders | 1 |  | 
| Moon Well | 8 |  | 
| Ancient of War | 1 |  | 
| Hunter's Hall | 1 |  | 
| Tree of Ages | 1 |  | 
| Ancient of Lore | 2 |  | 
| Tree of Eternity | 1 |  | 
| Ancient Protector | 26 |  | 
                41 total
 » build order
                00:09 Altar of Elders
00:11 Moon Well
00:19 Moon Well
00:59 Ancient of War
01:46 Moon Well
03:06 Hunter's Hall
03:34 Tree of Ages
04:58 Moon Well
05:59 Moon Well
06:56 Moon Well
07:56 Ancient of Lore
07:59 Ancient of Lore
09:05 Moon Well
09:20 Tree of Eternity
10:02 Moon Well
14:31 Ancient Protector
14:36 Ancient Protector
14:41 Ancient Protector
14:58 Ancient Protector
15:27 Ancient Protector
15:47 Ancient Protector
15:57 Ancient Protector
17:41 Ancient Protector
17:53 Ancient Protector
18:01 Ancient Protector
18:06 Ancient Protector
18:25 Ancient Protector
19:14 Ancient Protector
19:30 Ancient Protector
19:37 Ancient Protector
20:17 Ancient Protector
20:32 Ancient Protector
20:39 Ancient Protector
21:05 Ancient Protector
21:41 Ancient Protector
22:09 Ancient Protector
22:48 Ancient Protector
22:56 Ancient Protector
23:33 Ancient Protector
23:40 Ancient Protector
25:50 Ancient Protector
» items
                
                | Potion of Lesser Invulnerability | 1 |  | 
| Dust of Appearance | 1 |  | 
| Lesser Clarity Potion | 1 |  | 
| Scroll of Regeneration | 1 |  | 
| Staff of Teleportation | 1 |  | 
                5 total
  
               
              
              
ItsHipToBeTower (
orange | 64 APM | 4842 actions | 75:05)
              
 3 Archmage 
 2 Blizzard
 1 Brilliance Aura
 4 Mountain King 
 2 Storm Bolt
 2 Thunder Clap
 3 Paladin 
 2 Holy Light
 1 Divine Shield
 
                » actions 
                
                | Assign group hotkey | 13 |  | 
| Basic commands | 48 |  | 
| Build / train | 242 |  | 
| Enter build submenu | 107 |  | 
| Enter hero's abilities submenu | 11 |  | 
| Give item / drop item | 107 |  | 
| Right click | 2592 |  | 
| Select / deselect | 857 |  | 
| Select group hotkey | 607 |  | 
| Use ability | 258 |  | 
                4842 total
 » units 
                
                | Peasant | 17 |  | 
| Priest | 1 |  | 
| Sorceress | 1 |  | 
| Gryphon Rider | 4 |  | 
                23 total
 » upgrades
                
                | Masonry | 3 |  | 
| Lumber Harvesting | 1 |  | 
| Sorceress Training | 2 |  | 
| Priest Training | 2 |  | 
| Magic Sentry | 1 |  | 
| Storm Hammers | 1 |  | 
| Animal War Training | 1 |  | 
| Swords | 3 |  | 
| Armor | 3 |  | 
                17 total
 » buildings
                
                | Altar of Kings | 15 |  | 
| Farm | 7 |  | 
| Lumber Mill | 9 |  | 
| Scout Tower | 93 |  | 
| Arcane Tower | 5 |  | 
| Guard Tower | 51 |  | 
| Keep | 2 |  | 
| Gryphon Aviary | 1 |  | 
| Castle | 4 |  | 
| Arcane Vault | 2 |  | 
| Arcane Sanctum | 1 |  | 
| Blacksmith | 2 |  | 
| Barracks | 1 |  | 
| Town Hall | 1 |  | 
                194 total
 » build order
                00:14 Altar of Kings
00:19 Farm
00:37 Lumber Mill
00:49 Farm
02:10 Scout Tower
02:25 Scout Tower
02:37 Scout Tower
02:39 Scout Tower
02:40 Scout Tower
02:44 Arcane Tower
02:47 Scout Tower
02:48 Scout Tower
02:58 Guard Tower
03:13 Guard Tower
03:14 Guard Tower
03:32 Scout Tower
03:44 Scout Tower
03:44 Scout Tower
03:59 Guard Tower
04:01 Scout Tower
04:03 Scout Tower
04:05 Scout Tower
04:10 Guard Tower
04:15 Guard Tower
04:25 Guard Tower
04:38 Guard Tower
04:39 Guard Tower
04:48 Scout Tower
04:52 Scout Tower
04:52 Guard Tower
05:07 Scout Tower
05:09 Scout Tower
05:40 Guard Tower
05:40 Guard Tower
05:41 Guard Tower
05:41 Guard Tower
05:43 Scout Tower
05:45 Scout Tower
05:58 Keep
05:59 Guard Tower
06:00 Guard Tower
06:07 Guard Tower
06:08 Scout Tower
06:12 Guard Tower
06:13 Scout Tower
06:19 Guard Tower
06:20 Guard Tower
06:32 Scout Tower
06:41 Guard Tower
06:43 Guard Tower
06:43 Guard Tower
06:45 Scout Tower
06:48 Scout Tower
07:02 Farm
07:03 Farm
07:15 Guard Tower
07:18 Arcane Tower
07:19 Scout Tower
07:53 Arcane Tower
07:58 Scout Tower
07:59 Scout Tower
08:00 Scout Tower
08:02 Scout Tower
08:04 Scout Tower
08:11 Scout Tower
08:22 Scout Tower
08:34 Guard Tower
08:44 Guard Tower
09:00 Gryphon Aviary
09:11 Altar of Kings
09:21 Guard Tower
09:51 Guard Tower
10:02 Castle
10:02 Castle
10:02 Castle
10:57 Arcane Vault
11:05 Arcane Sanctum
11:11 Blacksmith
11:17 Guard Tower
11:24 Scout Tower
12:35 Farm
13:07 Farm
13:16 Farm
13:22 Scout Tower
14:09 Scout Tower
14:52 Guard Tower
15:07 Guard Tower
15:11 Guard Tower
17:35 Barracks
21:05 Town Hall
21:35 Scout Tower
21:36 Scout Tower
21:37 Scout Tower
21:37 Scout Tower
21:38 Scout Tower
21:39 Scout Tower
21:40 Scout Tower
22:52 Arcane Tower
22:53 Guard Tower
22:53 Guard Tower
22:53 Guard Tower
24:19 Guard Tower
26:39 Keep
30:14 Castle
30:17 Scout Tower
30:17 Scout Tower
30:18 Scout Tower
30:19 Scout Tower
30:19 Scout Tower
30:21 Scout Tower
30:22 Scout Tower
30:23 Scout Tower
30:23 Scout Tower
30:24 Scout Tower
30:25 Scout Tower
30:25 Scout Tower
30:47 Guard Tower
30:52 Scout Tower
30:53 Scout Tower
30:54 Scout Tower
30:56 Scout Tower
31:10 Guard Tower
31:30 Guard Tower
31:35 Scout Tower
31:36 Scout Tower
31:37 Scout Tower
31:37 Scout Tower
31:38 Scout Tower
31:39 Scout Tower
31:41 Scout Tower
31:41 Scout Tower
31:42 Scout Tower
31:44 Scout Tower
31:46 Scout Tower
31:48 Scout Tower
31:49 Scout Tower
31:51 Scout Tower
31:52 Scout Tower
31:53 Scout Tower
31:54 Scout Tower
31:57 Guard Tower
32:47 Guard Tower
32:59 Guard Tower
33:02 Scout Tower
33:05 Guard Tower
33:10 Guard Tower
33:14 Guard Tower
33:53 Guard Tower
33:56 Guard Tower
34:28 Scout Tower
34:45 Scout Tower
34:46 Scout Tower
35:07 Guard Tower
37:31 Scout Tower
37:32 Scout Tower
37:35 Scout Tower
37:50 Scout Tower
37:56 Scout Tower
37:58 Scout Tower
38:00 Scout Tower
38:06 Scout Tower
38:07 Scout Tower
38:10 Scout Tower
38:26 Scout Tower
38:28 Scout Tower
39:10 Scout Tower
41:15 Blacksmith
44:18 Lumber Mill
46:39 Guard Tower
61:56 Arcane Vault
62:03 Altar of Kings
62:19 Altar of Kings
62:25 Altar of Kings
62:29 Altar of Kings
62:31 Altar of Kings
62:35 Altar of Kings
62:38 Scout Tower
62:41 Lumber Mill
62:45 Lumber Mill
62:47 Lumber Mill
62:50 Lumber Mill
62:53 Lumber Mill
62:58 Lumber Mill
63:01 Lumber Mill
63:04 Altar of Kings
63:07 Altar of Kings
63:10 Altar of Kings
63:12 Altar of Kings
63:12 Altar of Kings
63:14 Altar of Kings
63:17 Altar of Kings
» items
                
                | Boots of Speed | 13 |  | 
| Staff of Teleportation | 12 |  | 
| Staff of Sanctuary | 3 |  | 
| Scroll of Regeneration | 3 |  | 
| Dust of Appearance | 22 |  | 
| Potion of Invisibility | 10 |  | 
| Tome of Retraining | 5 |  | 
| Scroll of Healing | 9 |  | 
| Periapt of Vitality | 8 |  | 
| Circlet of Nobility | 8 |  | 
| Scroll of Town Portal | 12 |  | 
| Potion of Lesser Invulnerability | 6 |  | 
| Scroll of Protection | 9 |  | 
| Lesser Clarity Potion | 2 |  | 
| Mechanical Critter | 2 |  | 
                124 total
  
               
              
              
» 
JulyBack2TheSty (
purple | 70 APM | 4696 actions | 67:03)
              
 7 Archmage 
 1 Summon Water Elemental
 3 Brilliance Aura
 3 Blizzard
 3 Mountain King 
 2 Storm Bolt
 1 Bash
 
                » actions 
                
                | Assign group hotkey | 260 |  | 
| Basic commands | 115 |  | 
| Build / train | 213 |  | 
| Enter build submenu | 153 |  | 
| Enter hero's abilities submenu | 10 |  | 
| Give item / drop item | 17 |  | 
| Remove unit from queue | 12 |  | 
| Right click | 2239 |  | 
| Select / deselect | 827 |  | 
| Select group hotkey | 376 |  | 
| Use ability | 474 |  | 
                4696 total
 » units 
                
                | Peasant | 25 |  | 
| Footman | 53 |  | 
| Gryphon Rider | 8 |  | 
                86 total
 » upgrades
                
                | Masonry | 3 |  | 
| Lumber Harvesting | 3 |  | 
| Storm Hammers | 1 |  | 
| Swords | 3 |  | 
| Armor | 3 |  | 
| Animal War Training | 1 |  | 
| Magic Sentry | 1 |  | 
                15 total
 » buildings
                
                | Altar of Kings | 1 |  | 
| Barracks | 32 |  | 
| Farm | 18 |  | 
| Lumber Mill | 22 |  | 
| Scout Tower | 92 |  | 
| Arcane Tower | 15 |  | 
| Guard Tower | 52 |  | 
| Arcane Vault | 3 |  | 
| Keep | 1 |  | 
| Castle | 1 |  | 
| Gryphon Aviary | 1 |  | 
| Blacksmith | 1 |  | 
| Town Hall | 3 |  | 
| Arcane Sanctum | 1 |  | 
                243 total
 » build order
                00:03 Altar of Kings
00:21 Barracks
00:47 Farm
01:11 Farm
01:48 Lumber Mill
01:55 Farm
02:13 Scout Tower
02:32 Farm
02:40 Arcane Tower
02:53 Scout Tower
03:12 Scout Tower
03:21 Scout Tower
03:31 Scout Tower
03:43 Guard Tower
03:45 Scout Tower
03:46 Guard Tower
04:05 Arcane Tower
04:05 Guard Tower
04:07 Scout Tower
04:12 Scout Tower
04:14 Guard Tower
04:25 Scout Tower
04:43 Guard Tower
04:44 Scout Tower
05:17 Scout Tower
05:17 Guard Tower
05:43 Guard Tower
05:45 Arcane Vault
05:47 Keep
05:51 Guard Tower
05:58 Guard Tower
05:58 Guard Tower
06:00 Scout Tower
06:47 Guard Tower
06:49 Scout Tower
06:50 Scout Tower
06:51 Scout Tower
07:42 Scout Tower
07:47 Guard Tower
07:49 Guard Tower
07:51 Scout Tower
07:52 Scout Tower
08:14 Guard Tower
08:15 Castle
08:27 Gryphon Aviary
09:05 Guard Tower
09:41 Guard Tower
09:43 Scout Tower
09:44 Scout Tower
09:45 Scout Tower
09:48 Barracks
09:49 Blacksmith
09:54 Farm
09:55 Farm
11:18 Guard Tower
11:20 Scout Tower
11:21 Scout Tower
11:22 Guard Tower
11:52 Guard Tower
12:25 Guard Tower
13:11 Arcane Vault
16:42 Farm
18:32 Scout Tower
18:32 Scout Tower
18:34 Scout Tower
18:53 Scout Tower
18:58 Scout Tower
19:51 Guard Tower
20:04 Town Hall
20:21 Guard Tower
20:23 Scout Tower
20:23 Scout Tower
20:25 Scout Tower
20:28 Arcane Sanctum
20:53 Guard Tower
20:53 Guard Tower
21:30 Guard Tower
22:42 Guard Tower
22:45 Town Hall
24:39 Scout Tower
25:37 Town Hall
27:24 Guard Tower
31:12 Scout Tower
31:13 Scout Tower
31:14 Scout Tower
31:15 Scout Tower
31:15 Scout Tower
31:17 Scout Tower
31:17 Scout Tower
31:19 Scout Tower
31:21 Scout Tower
31:22 Scout Tower
31:23 Scout Tower
31:24 Scout Tower
31:45 Scout Tower
31:46 Scout Tower
31:54 Scout Tower
31:54 Scout Tower
31:55 Scout Tower
31:56 Scout Tower
31:57 Scout Tower
31:59 Scout Tower
32:00 Scout Tower
32:00 Scout Tower
32:03 Scout Tower
32:05 Scout Tower
32:05 Scout Tower
32:06 Scout Tower
32:10 Scout Tower
32:25 Scout Tower
32:25 Scout Tower
32:26 Scout Tower
32:31 Scout Tower
32:32 Scout Tower
32:33 Scout Tower
32:41 Scout Tower
33:04 Guard Tower
33:10 Guard Tower
33:12 Guard Tower
33:14 Scout Tower
33:53 Guard Tower
33:55 Guard Tower
34:15 Guard Tower
34:17 Arcane Vault
34:26 Scout Tower
34:59 Lumber Mill
36:03 Scout Tower
36:08 Guard Tower
36:11 Arcane Tower
36:13 Guard Tower
36:14 Arcane Tower
36:15 Guard Tower
36:17 Scout Tower
36:23 Scout Tower
36:31 Arcane Tower
36:45 Arcane Tower
36:55 Guard Tower
37:06 Arcane Tower
37:21 Arcane Tower
37:29 Arcane Tower
37:40 Scout Tower
38:25 Scout Tower
38:26 Scout Tower
38:28 Scout Tower
38:33 Arcane Tower
38:56 Scout Tower
39:00 Scout Tower
39:01 Guard Tower
39:22 Guard Tower
39:27 Scout Tower
39:27 Guard Tower
44:51 Scout Tower
44:52 Scout Tower
44:52 Scout Tower
44:53 Scout Tower
44:55 Scout Tower
44:55 Scout Tower
44:56 Scout Tower
44:57 Scout Tower
44:57 Scout Tower
45:15 Guard Tower
45:16 Scout Tower
45:47 Guard Tower
45:50 Scout Tower
46:13 Arcane Tower
46:14 Guard Tower
46:15 Arcane Tower
46:42 Guard Tower
46:44 Guard Tower
46:47 Scout Tower
47:10 Arcane Tower
47:17 Guard Tower
47:20 Scout Tower
47:51 Guard Tower
48:03 Guard Tower
48:04 Arcane Tower
49:20 Guard Tower
49:20 Arcane Tower
49:22 Guard Tower
56:33 Barracks
56:42 Barracks
56:45 Barracks
56:49 Barracks
56:57 Barracks
57:09 Barracks
57:15 Barracks
57:18 Barracks
57:22 Barracks
57:25 Barracks
57:29 Barracks
57:35 Barracks
57:45 Barracks
57:47 Barracks
57:48 Barracks
57:51 Barracks
58:20 Barracks
58:22 Barracks
58:23 Barracks
58:25 Barracks
58:30 Barracks
58:54 Barracks
58:56 Farm
58:58 Farm
58:59 Barracks
59:20 Barracks
59:22 Farm
59:23 Farm
59:25 Farm
59:26 Farm
59:42 Farm
59:43 Barracks
59:49 Barracks
59:58 Farm
59:59 Farm
60:03 Farm
60:33 Farm
60:53 Lumber Mill
61:01 Barracks
61:05 Barracks
61:08 Barracks
61:11 Barracks
61:20 Lumber Mill
61:24 Lumber Mill
61:27 Lumber Mill
61:30 Lumber Mill
61:56 Lumber Mill
62:03 Lumber Mill
62:05 Lumber Mill
62:14 Lumber Mill
62:20 Lumber Mill
62:37 Lumber Mill
62:47 Lumber Mill
62:50 Lumber Mill
62:53 Lumber Mill
63:03 Lumber Mill
63:06 Lumber Mill
63:09 Lumber Mill
63:13 Lumber Mill
63:21 Lumber Mill
63:25 Lumber Mill
» items
                
                | Tome of Retraining | 2 |  | 
| Staff of Teleportation | 3 |  | 
| Scroll of Regeneration | 3 |  | 
| Boots of Speed | 1 |  | 
| Staff of Sanctuary | 1 |  | 
| Lesser Clarity Potion | 2 |  | 
| Mechanical Critter | 2 |  | 
                14 total
  
               
              
              
» 
sodbutthead (
green | 24 APM | 1589 actions | 66:11)
              
 3 Archmage 
 1 Summon Water Elemental
 2 Brilliance Aura
 
                » actions 
                
                | Assign group hotkey | 44 |  | 
| Basic commands | 15 |  | 
| Build / train | 75 |  | 
| Enter build submenu | 20 |  | 
| Enter hero's abilities submenu | 3 |  | 
| Right click | 744 |  | 
| Select / deselect | 308 |  | 
| Select group hotkey | 345 |  | 
| Use ability | 35 |  | 
                1589 total
 » units 
                
                | Peasant | 9 |  | 
| Mortar Team | 36 |  | 
| Siege Engine | 8 |  | 
                53 total
 » upgrades
                
                | Masonry | 1 |  | 
| Gunpowder | 3 |  | 
| Armor | 3 |  | 
| Fragmentation Shards | 1 |  | 
| Barrage | 1 |  | 
| Flare | 1 |  | 
                10 total
 » buildings
                
                | Lumber Mill | 1 |  | 
| Farm | 10 |  | 
| Altar of Kings | 1 |  | 
| Scout Tower | 2 |  | 
| Guard Tower | 2 |  | 
| Keep | 1 |  | 
| Blacksmith | 1 |  | 
| Workshop | 2 |  | 
| Castle | 1 |  | 
                21 total
 » build order
                00:30 Lumber Mill
00:35 Farm
01:23 Farm
01:29 Altar of Kings
01:53 Scout Tower
02:05 Farm
02:26 Guard Tower
03:18 Scout Tower
04:03 Guard Tower
04:08 Farm
04:44 Keep
04:54 Farm
05:37 Farm
06:15 Blacksmith
06:18 Farm
07:05 Farm
07:28 Workshop
07:30 Workshop
08:34 Farm
11:17 Castle
13:31 Farm
» items
                
                | Orb of Fire | 1 |  | 
| Mechanical Critter | 3 |  | 
                4 total
  
               team 2 (winner) 
              
              
FunTimeWahoo (
pink | 36 APM | 2424 actions | 66:40)
              
 3 Archmage 
 2 Blizzard
 1 Brilliance Aura
 
                » actions 
                
                | Assign group hotkey | 5 |  | 
| Basic commands | 105 |  | 
| Build / train | 139 |  | 
| ESC pressed | 9 |  | 
| Enter build submenu | 136 |  | 
| Enter hero's abilities submenu | 3 |  | 
| Give item / drop item | 10 |  | 
| Right click | 862 |  | 
| Select / deselect | 535 |  | 
| Select group hotkey | 189 |  | 
| Use ability | 431 |  | 
                2424 total
 » units 
                » upgrades
                
                | Masonry | 3 |  | 
| Magic Sentry | 1 |  | 
| Lumber Harvesting | 2 |  | 
| Priest Training | 1 |  | 
| Sorceress Training | 1 |  | 
                8 total
 » buildings
                
                | Altar of Kings | 1 |  | 
| Farm | 4 |  | 
| Lumber Mill | 5 |  | 
| Scout Tower | 270 |  | 
| Arcane Tower | 6 |  | 
| Guard Tower | 93 |  | 
| Keep | 2 |  | 
| Arcane Sanctum | 1 |  | 
| Town Hall | 1 |  | 
| Castle | 1 |  | 
| Blacksmith | 8 |  | 
                392 total
 » build order
                00:05 Altar of Kings
00:28 Farm
00:45 Lumber Mill
01:21 Scout Tower
01:49 Arcane Tower
02:00 Farm
02:01 Farm
02:37 Scout Tower
03:05 Arcane Tower
03:06 Scout Tower
03:18 Scout Tower
03:21 Scout Tower
03:26 Scout Tower
03:27 Scout Tower
03:38 Guard Tower
03:39 Scout Tower
04:03 Guard Tower
04:04 Scout Tower
04:05 Scout Tower
04:21 Scout Tower
04:51 Guard Tower
04:54 Guard Tower
05:04 Guard Tower
05:06 Scout Tower
05:06 Scout Tower
05:10 Scout Tower
05:29 Keep
05:36 Guard Tower
05:38 Scout Tower
05:39 Scout Tower
05:40 Scout Tower
05:52 Guard Tower
06:06 Scout Tower
06:07 Guard Tower
06:15 Guard Tower
06:18 Scout Tower
06:19 Scout Tower
06:20 Scout Tower
06:22 Scout Tower
06:23 Scout Tower
06:24 Scout Tower
06:51 Guard Tower
07:28 Guard Tower
07:36 Guard Tower
07:37 Scout Tower
07:38 Scout Tower
07:39 Scout Tower
07:55 Arcane Sanctum
08:03 Farm
08:23 Guard Tower
08:31 Scout Tower
08:32 Scout Tower
08:34 Scout Tower
08:37 Scout Tower
09:11 Guard Tower
09:36 Scout Tower
09:37 Scout Tower
10:39 Town Hall
10:49 Scout Tower
10:50 Scout Tower
11:12 Guard Tower
11:17 Scout Tower
11:18 Scout Tower
11:18 Scout Tower
11:24 Guard Tower
11:25 Guard Tower
11:53 Guard Tower
12:22 Lumber Mill
12:48 Scout Tower
12:49 Scout Tower
12:50 Castle
13:03 Scout Tower
13:05 Scout Tower
13:07 Scout Tower
13:21 Guard Tower
13:35 Guard Tower
13:40 Scout Tower
13:41 Scout Tower
13:45 Scout Tower
13:46 Scout Tower
13:51 Scout Tower
14:27 Guard Tower
14:38 Guard Tower
14:41 Guard Tower
14:45 Scout Tower
14:47 Scout Tower
14:48 Scout Tower
14:49 Scout Tower
14:49 Scout Tower
14:51 Scout Tower
14:52 Scout Tower
14:52 Scout Tower
14:53 Scout Tower
15:12 Scout Tower
15:13 Scout Tower
15:14 Scout Tower
15:14 Scout Tower
15:16 Scout Tower
15:17 Scout Tower
15:18 Scout Tower
15:19 Scout Tower
15:20 Scout Tower
15:21 Scout Tower
15:22 Scout Tower
15:23 Scout Tower
15:24 Scout Tower
15:31 Guard Tower
15:36 Guard Tower
16:12 Guard Tower
16:18 Scout Tower
16:19 Scout Tower
16:19 Scout Tower
16:20 Scout Tower
16:21 Scout Tower
16:21 Scout Tower
16:27 Scout Tower
16:28 Scout Tower
16:29 Scout Tower
16:29 Scout Tower
16:31 Scout Tower
16:47 Scout Tower
16:48 Scout Tower
16:51 Guard Tower
16:55 Scout Tower
16:56 Scout Tower
16:57 Scout Tower
16:57 Scout Tower
16:58 Scout Tower
16:59 Scout Tower
17:00 Scout Tower
17:01 Scout Tower
17:22 Guard Tower
17:25 Guard Tower
17:28 Scout Tower
17:29 Scout Tower
17:30 Scout Tower
17:32 Scout Tower
17:35 Scout Tower
17:36 Scout Tower
17:40 Scout Tower
17:42 Scout Tower
17:43 Scout Tower
17:46 Scout Tower
17:47 Scout Tower
17:49 Scout Tower
17:51 Scout Tower
17:58 Arcane Tower
18:00 Guard Tower
18:02 Guard Tower
18:04 Scout Tower
18:10 Scout Tower
18:11 Scout Tower
18:27 Guard Tower
19:01 Arcane Tower
19:02 Scout Tower
19:03 Scout Tower
19:07 Scout Tower
19:15 Guard Tower
19:17 Guard Tower
19:20 Guard Tower
19:26 Guard Tower
19:45 Guard Tower
19:55 Guard Tower
19:58 Guard Tower
19:58 Guard Tower
20:04 Arcane Tower
20:10 Guard Tower
20:20 Guard Tower
20:24 Arcane Tower
20:52 Scout Tower
20:57 Scout Tower
20:57 Scout Tower
21:00 Scout Tower
21:01 Scout Tower
21:05 Scout Tower
21:06 Scout Tower
21:08 Scout Tower
21:09 Scout Tower
21:09 Scout Tower
21:11 Scout Tower
21:13 Scout Tower
21:14 Scout Tower
21:15 Scout Tower
21:17 Scout Tower
21:17 Scout Tower
21:21 Scout Tower
21:22 Scout Tower
21:24 Scout Tower
21:24 Scout Tower
21:28 Scout Tower
21:30 Scout Tower
21:31 Scout Tower
21:34 Scout Tower
21:34 Scout Tower
21:35 Scout Tower
21:36 Scout Tower
21:37 Scout Tower
21:39 Scout Tower
21:40 Scout Tower
21:41 Scout Tower
21:42 Scout Tower
21:44 Scout Tower
21:45 Scout Tower
21:47 Scout Tower
21:48 Scout Tower
21:49 Scout Tower
21:55 Guard Tower
22:18 Guard Tower
22:43 Guard Tower
22:56 Scout Tower
22:59 Scout Tower
23:05 Scout Tower
23:06 Scout Tower
23:16 Guard Tower
23:29 Guard Tower
24:09 Guard Tower
24:23 Scout Tower
24:24 Scout Tower
24:25 Scout Tower
24:26 Scout Tower
24:28 Scout Tower
24:33 Scout Tower
24:34 Scout Tower
24:34 Scout Tower
24:46 Scout Tower
24:47 Scout Tower
24:48 Scout Tower
24:51 Scout Tower
24:52 Scout Tower
24:53 Scout Tower
24:53 Scout Tower
24:55 Scout Tower
24:56 Scout Tower
24:57 Scout Tower
25:00 Scout Tower
25:00 Scout Tower
25:01 Scout Tower
25:07 Guard Tower
25:23 Scout Tower
25:24 Scout Tower
25:35 Guard Tower
25:51 Guard Tower
26:19 Guard Tower
26:46 Scout Tower
26:47 Scout Tower
26:48 Scout Tower
26:51 Scout Tower
26:52 Scout Tower
26:53 Guard Tower
27:29 Guard Tower
27:32 Guard Tower
27:53 Guard Tower
28:08 Guard Tower
28:17 Guard Tower
28:29 Guard Tower
28:42 Guard Tower
28:43 Guard Tower
28:47 Guard Tower
29:09 Scout Tower
29:10 Scout Tower
29:11 Scout Tower
29:12 Scout Tower
29:14 Scout Tower
29:15 Scout Tower
29:16 Scout Tower
29:18 Guard Tower
29:48 Guard Tower
30:01 Guard Tower
30:04 Scout Tower
30:05 Scout Tower
30:05 Scout Tower
30:06 Scout Tower
30:06 Scout Tower
30:28 Guard Tower
30:45 Guard Tower
30:54 Guard Tower
31:17 Scout Tower
31:18 Scout Tower
31:21 Scout Tower
31:24 Scout Tower
31:25 Scout Tower
31:48 Guard Tower
31:52 Guard Tower
31:56 Scout Tower
31:56 Scout Tower
31:58 Scout Tower
32:04 Guard Tower
32:21 Guard Tower
33:03 Scout Tower
33:04 Scout Tower
33:08 Scout Tower
33:09 Scout Tower
33:10 Scout Tower
33:11 Scout Tower
33:11 Scout Tower
33:14 Scout Tower
33:15 Scout Tower
33:16 Scout Tower
33:17 Scout Tower
33:21 Guard Tower
33:27 Scout Tower
33:30 Scout Tower
33:31 Scout Tower
33:33 Scout Tower
33:33 Scout Tower
33:34 Scout Tower
33:35 Scout Tower
33:36 Scout Tower
33:38 Scout Tower
33:40 Scout Tower
33:42 Scout Tower
33:43 Scout Tower
33:46 Guard Tower
33:57 Guard Tower
34:56 Lumber Mill
35:40 Lumber Mill
36:05 Guard Tower
36:07 Guard Tower
36:10 Guard Tower
36:53 Guard Tower
36:58 Guard Tower
38:16 Guard Tower
38:20 Guard Tower
38:26 Scout Tower
38:26 Scout Tower
38:28 Scout Tower
38:29 Scout Tower
38:43 Guard Tower
38:45 Scout Tower
38:46 Scout Tower
38:46 Scout Tower
38:47 Scout Tower
38:49 Scout Tower
38:56 Scout Tower
38:56 Scout Tower
38:58 Scout Tower
39:00 Scout Tower
39:01 Scout Tower
39:02 Scout Tower
39:02 Scout Tower
39:03 Scout Tower
39:29 Guard Tower
40:35 Guard Tower
40:43 Scout Tower
40:45 Guard Tower
40:47 Scout Tower
40:54 Scout Tower
40:54 Scout Tower
40:55 Scout Tower
40:59 Guard Tower
41:12 Guard Tower
41:14 Scout Tower
41:15 Scout Tower
41:17 Scout Tower
42:37 Guard Tower
43:07 Scout Tower
43:09 Scout Tower
43:12 Scout Tower
44:32 Scout Tower
47:47 Keep
47:56 Scout Tower
47:56 Scout Tower
47:57 Scout Tower
47:58 Scout Tower
48:00 Scout Tower
48:01 Scout Tower
48:02 Scout Tower
48:02 Scout Tower
48:05 Scout Tower
48:06 Scout Tower
48:07 Scout Tower
48:09 Scout Tower
48:10 Scout Tower
48:12 Scout Tower
48:13 Scout Tower
48:13 Scout Tower
48:15 Scout Tower
48:21 Blacksmith
48:24 Blacksmith
48:25 Blacksmith
48:27 Guard Tower
50:39 Guard Tower
50:42 Guard Tower
50:45 Guard Tower
53:28 Blacksmith
53:33 Blacksmith
53:36 Blacksmith
53:38 Blacksmith
53:41 Lumber Mill
55:02 Blacksmith
55:10 Scout Tower
55:11 Scout Tower
» items
                
                | Staff of Teleportation | 1 |  | 
| Boots of Speed | 1 |  | 
                2 total
  
               
              
              
Poopert.Murdoch (
yellow | 46 APM | 3063 actions | 66:44)
              
 7 Blademaster 
 3 Wind Walk
 3 Critical Strike
 1 Bladestorm
 
                » actions 
                
                | Assign group hotkey | 74 |  | 
| Basic commands | 79 |  | 
| Build / train | 83 |  | 
| ESC pressed | 1 |  | 
| Enter build submenu | 95 |  | 
| Enter hero's abilities submenu | 7 |  | 
| Give item / drop item | 12 |  | 
| Remove unit from queue | 1 |  | 
| Right click | 1477 |  | 
| Select / deselect | 630 |  | 
| Select group hotkey | 350 |  | 
| Use ability | 251 |  | 
                3063 total
 » units 
                » upgrades
                
                | Spiked Barricades | 1 |  | 
| Armor | 3 |  | 
| Shaman Training | 2 |  | 
| Envenomed Spears | 1 |  | 
| Ranged Weapons | 3 |  | 
| Reinforced Defenses | 1 |  | 
| Witch Doctor Training | 2 |  | 
                13 total
 » buildings
                
                | Altar of Storms | 1 |  | 
| Orc Burrow | 7 |  | 
| War Mill | 11 |  | 
| Watch Tower | 78 |  | 
| Voodoo Lounge | 2 |  | 
| Stronghold | 3 |  | 
| Beastiary | 3 |  | 
| Spirit Lodge | 1 |  | 
| Fortress | 2 |  | 
| Great Hall | 1 |  | 
| Barracks | 4 |  | 
                113 total
 » build order
                00:03 Altar of Storms
00:18 Orc Burrow
00:46 War Mill
01:58 Watch Tower
02:27 Watch Tower
02:46 Voodoo Lounge
02:47 Orc Burrow
03:11 Watch Tower
03:40 Watch Tower
04:06 Watch Tower
04:54 Watch Tower
04:59 Watch Tower
06:04 Watch Tower
06:13 Watch Tower
06:19 Watch Tower
06:20 Watch Tower
06:22 Watch Tower
06:23 Watch Tower
06:24 Stronghold
06:24 Stronghold
06:25 Stronghold
07:22 Watch Tower
07:26 Watch Tower
07:45 Watch Tower
08:03 Watch Tower
08:35 Watch Tower
08:37 Watch Tower
08:50 Beastiary
08:51 Beastiary
08:53 Spirit Lodge
08:56 Beastiary
09:05 Orc Burrow
09:06 Orc Burrow
09:07 Orc Burrow
09:08 Orc Burrow
09:36 Watch Tower
11:00 Watch Tower
11:01 Watch Tower
11:02 Watch Tower
11:03 Watch Tower
11:08 Orc Burrow
11:10 Fortress
11:10 Fortress
17:50 Great Hall
17:57 Watch Tower
18:17 Watch Tower
18:19 Watch Tower
18:21 Watch Tower
18:23 Watch Tower
18:25 Watch Tower
18:27 Watch Tower
18:28 Watch Tower
19:21 Voodoo Lounge
19:40 Watch Tower
19:44 Watch Tower
25:46 Watch Tower
25:47 Watch Tower
25:55 Watch Tower
25:57 Watch Tower
25:58 Watch Tower
26:00 Watch Tower
26:05 Watch Tower
26:07 Watch Tower
26:07 Watch Tower
26:09 Watch Tower
26:10 Watch Tower
26:10 Watch Tower
27:19 Watch Tower
27:21 Watch Tower
28:27 Watch Tower
28:39 Watch Tower
28:40 Watch Tower
28:42 Watch Tower
28:43 Watch Tower
28:54 Watch Tower
28:56 Watch Tower
28:58 Watch Tower
28:59 Watch Tower
29:02 Watch Tower
29:16 Watch Tower
29:19 Watch Tower
29:48 Watch Tower
29:49 Watch Tower
29:50 Watch Tower
29:55 Watch Tower
30:01 Watch Tower
31:13 Watch Tower
31:14 Watch Tower
31:17 Watch Tower
31:21 Watch Tower
31:23 Watch Tower
31:25 Watch Tower
31:27 Watch Tower
31:29 Watch Tower
31:33 Watch Tower
31:34 Watch Tower
31:35 Watch Tower
32:30 Watch Tower
32:35 Watch Tower
48:25 Barracks
48:27 Barracks
48:28 Barracks
48:29 Barracks
54:04 War Mill
54:05 War Mill
54:49 War Mill
54:51 War Mill
54:55 War Mill
54:56 War Mill
55:01 War Mill
55:01 War Mill
55:06 War Mill
55:10 War Mill
» items
                
                | Staff of Teleportation | 2 |  | 
| Healing Salve | 5 |  | 
| Lesser Clarity Potion | 1 |  | 
| Scroll of Town Portal | 2 |  | 
| Orb of Lightning | 1 |  | 
| Scroll of Speed | 1 |  | 
                12 total
  
               
              
              
imasscasters (
blue | 21 APM | 1612 actions | 75:05)
              
 6 Mountain King 
 3 Storm Bolt
 2 Bash
 1 Avatar
 6 Paladin 
 3 Holy Light
 2 Divine Shield
 1 Resurrection
 
                » actions 
                
                | Assign group hotkey | 24 |  | 
| Basic commands | 48 |  | 
| Build / train | 75 |  | 
| ESC pressed | 2 |  | 
| Enter build submenu | 25 |  | 
| Enter hero's abilities submenu | 12 |  | 
| Give item / drop item | 1 |  | 
| Right click | 487 |  | 
| Select / deselect | 257 |  | 
| Select group hotkey | 576 |  | 
| Use ability | 105 |  | 
                1612 total
 » units 
                
                | Peasant | 11 |  | 
| Rifleman | 2 |  | 
| Priest | 7 |  | 
| Mortar Team | 9 |  | 
| Siege Engine | 5 |  | 
                34 total
 » upgrades
                
                | Gunpowder | 3 |  | 
| Armor | 3 |  | 
| Lumber Harvesting | 2 |  | 
| Priest Training | 2 |  | 
| Fragmentation Shards | 1 |  | 
| Flare | 1 |  | 
| Barrage | 1 |  | 
| Masonry | 1 |  | 
| Plating | 3 |  | 
| Backpack | 1 |  | 
                18 total
 » buildings
                
                | Altar of Kings | 1 |  | 
| Farm | 11 |  | 
| Scout Tower | 2 |  | 
| Blacksmith | 1 |  | 
| Barracks | 1 |  | 
| Arcane Tower | 1 |  | 
| Lumber Mill | 1 |  | 
| Keep | 3 |  | 
| Arcane Sanctum | 2 |  | 
| Guard Tower | 1 |  | 
| Castle | 1 |  | 
| Workshop | 2 |  | 
| Arcane Vault | 1 |  | 
                28 total
 » build order
                00:02 Altar of Kings
00:22 Farm
01:01 Scout Tower
01:11 Blacksmith
01:39 Barracks
01:58 Farm
02:07 Arcane Tower
02:38 Scout Tower
03:08 Farm
03:13 Lumber Mill
03:38 Keep
03:38 Keep
03:38 Keep
06:03 Arcane Sanctum
06:14 Arcane Sanctum
06:25 Guard Tower
06:33 Farm
06:36 Farm
06:53 Farm
07:19 Castle
07:23 Workshop
07:35 Workshop
08:09 Farm
11:12 Farm
13:23 Farm
17:10 Farm
17:49 Farm
20:18 Arcane Vault
» items
                
                | Scroll of Town Portal | 2 |  | 
| Orb of Fire | 1 |  | 
                3 total
  
               
              
              
Hx)birita (
red | 27 APM | 1991 actions | 73:56)
              
 4 Demon Hunter 
 2 Mana Burn
 2 Evasion
 
                » actions 
                
                | Assign group hotkey | 6 |  | 
| Basic commands | 14 |  | 
| Build / train | 69 |  | 
| Enter build submenu | 40 |  | 
| Enter hero's abilities submenu | 4 |  | 
| Give item / drop item | 5 |  | 
| Remove unit from queue | 5 |  | 
| Right click | 815 |  | 
| Select / deselect | 649 |  | 
| Select group hotkey | 255 |  | 
| Use ability | 129 |  | 
                1991 total
 » units 
                
                | Wisp | 18 |  | 
| Druid of the Claw | 9 |  | 
| Dryad | 12 |  | 
                39 total
 » upgrades
                
                | Ultravision | 1 |  | 
| Strength of the Wild | 3 |  | 
| Reinforced Hides | 3 |  | 
| Abolish Magic | 1 |  | 
| Druid of the Claw Training | 2 |  | 
| Mark of the Claw | 2 |  | 
| Well Spring | 1 |  | 
| Corrosive Breath | 1 |  | 
                14 total
 » buildings
                
                | Moon Well | 16 |  | 
| Altar of Elders | 3 |  | 
| Ancient of Wonders | 1 |  | 
| Tree of Ages | 1 |  | 
| Hunter's Hall | 1 |  | 
| Tree of Eternity | 1 |  | 
| Ancient of Lore | 5 |  | 
| Ancient of Wind | 1 |  | 
| Chimaera Roost | 2 |  | 
| Tree of Life | 1 |  | 
                32 total
 » build order
                00:19 Moon Well
00:33 Altar of Elders
01:11 Moon Well
01:23 Ancient of Wonders
02:08 Moon Well
03:24 Moon Well
03:34 Tree of Ages
04:25 Moon Well
04:32 Hunter's Hall
05:19 Moon Well
05:58 Tree of Eternity
06:03 Ancient of Lore
06:05 Ancient of Lore
06:10 Ancient of Lore
06:14 Ancient of Lore
06:17 Moon Well
07:42 Moon Well
08:38 Moon Well
20:00 Ancient of Lore
20:07 Ancient of Wind
21:40 Moon Well
22:27 Chimaera Roost
22:45 Moon Well
22:47 Moon Well
22:49 Moon Well
22:57 Moon Well
24:17 Tree of Life
28:00 Chimaera Roost
34:37 Altar of Elders
36:30 Altar of Elders
50:27 Moon Well
50:29 Moon Well
» items
                
                | Healing Salve | 2 |  | 
| Orb of Venom | 1 |  | 
| Staff of Teleportation | 1 |  | 
                4 total
  
                Chat log
          (00:04 / Allies) JulyBack2TheSty: hi
(00:08 / Allies) ItsHipToBeTower: hey hi
(00:15 / Allies) JulyBack2TheSty: :) loc?
(00:17 / Allies) JulyBack2TheSty: ation
(00:20 / Allies) sodbutthead: hi
(00:23 / Allies) christmas.bud: sup niggas
(00:24 / All) FunTimeWahoo: hey all yall. just wanna wish you. a happy. fun. safe. warm. lively. xmas/holiday, thanks
(00:32 / All) christmas.bud: ...
(00:33 / All) imasscasters: can i drink?
(00:35 / All) ItsHipToBeTower: christmsit is coming, the noobs are in the oven
(00:39 / All) christmas.bud: LOL
(00:39 / Allies) JulyBack2TheSty: i respect you, good game go
(00:48 / All) christmas.bud: FUck niggers
(00:49 / Allies) christmas.bud: '
(00:51 / All) christmas.bud: and santa
(00:53 / All) Poopert.Murdoch: please to put a penny in da witches coven..
(00:53 / All) imasscasters: actually i havent gotten drunk in a while
(00:53 / All) christmas.bud: the niggas fake
(00:54 / All) FunTimeWahoo: yeah ok john matheson
(01:11 / Allies) christmas.bud: what we doin
(01:16 / All) imasscasters: how you know my name
(01:27 / Allies) christmas.bud: Oj u tower
(01:32 / Allies) ItsHipToBeTower: nah
(01:36 / Allies) christmas.bud: k
(01:58 / Allies) christmas.bud: yeah u are
(01:58 / Allies) christmas.bud: !
(01:59 / Allies) christmas.bud: nice
(02:04 / Allies) christmas.bud: im strait with that
(02:06 / Allies) christmas.bud: ill help u defend
(02:10 / All) FunTimeWahoo: suck my duckle merry x mas to all.
(02:14 / All) christmas.bud: FUCK U NIGGER
(02:22 / All) Hx)birita: plz stop talk
(02:27 / All) christmas.bud: dude fuck u red
(02:28 / All) christmas.bud: pussy]
(02:34 / All) JulyBack2TheSty: hey easy
(02:37 / All) JulyBack2TheSty: respect the tides
(02:44 / All) Hx)birita: i got mh
(02:47 / All) christmas.bud: same
(02:48 / All) christmas.bud: LOL
(02:48 / All) Hx)birita: nbs
(02:52 / All) Hx)birita: lols
(03:09 / All) christmas.bud: MH is teh shit
(03:12 / All) Hx)birita: so u have 7 wisps in trees
(03:19 / All) Hx)birita: 6 now
(03:20 / All) christmas.bud: nah
(03:21 / All) christmas.bud: 5
(03:22 / All) christmas.bud: lolz
(03:47 / All) Hx)birita: hmmm
(03:49 / Allies) ItsHipToBeTower: lumper me?
(03:49 / Allies) christmas.bud: tower more up..
(03:51 / All) Hx)birita: tower rush?
(04:29 / All) ItsHipToBeTower: teal
(04:31 / All) ItsHipToBeTower: micro please
(04:43 / All) christmas.bud: lazy
(04:47 / All) christmas.bud: hes dead
(05:36 / All) imasscasters: so you guys found a cool new strat online and decided to make new accts i see
(05:46 / All) imasscasters: you all lvl 1 and all twring
(05:47 / All) christmas.bud: FUCK U BLUE
(05:49 / All) christmas.bud: GOD DAMN U PUSSY
(05:53 / All) imasscasters: in the ass please
(05:55 / All) christmas.bud: SERIOUS
(06:06 / All) imasscasters: DEAD SRS
(06:23 / Allies) JulyBack2TheSty: teal go
(06:31 / Allies) christmas.bud: I have archers u peice of shit
(06:33 / Allies) JulyBack2TheSty: lets do i
(06:33 / All) Hx)birita: lols
(06:35 / Allies) JulyBack2TheSty: yea
(06:39 / All) Hx)birita: every one towreing
(07:39 / All) christmas.bud: Ill get glaves..
(07:41 / Allies) sodbutthead: morts coming
(07:44 / Allies) ItsHipToBeTower: nah go bear please
(07:46 / Allies) ItsHipToBeTower: we need melee
(08:09 / Allies) sodbutthead: im humen
(08:09 / All) Hx)birita: so?
(11:02 / Allies) christmas.bud: k
(11:28 / All) Poopert.Murdoch: careful.. u are fill of da milk of human hubris.
(11:51 / Allies) ItsHipToBeTower: teal
(11:52 / Allies) ItsHipToBeTower: come creepe
(12:25 / All) FunTimeWahoo: u attardeD?
(12:55 / All) christmas.bud: suck on my titteis
(14:59 / Allies) christmas.bud: gold?
(21:51 / Allies) christmas.bud: gold plz
(22:18 / All) Poopert.Murdoch: omm.g.. 4v3 is gaye
(22:20 / All) ItsHipToBeTower: ommg lumper plz
(25:02 / All) Hx)birita: wtf
(25:08 / All) Hx)birita: yelow  fuking shit
(25:16 / All) Hx)birita: yelow kiling me
(25:19 / All) Hx)birita: FUXCKKKKKKKKKK
(25:21 / All) JulyBack2TheSty: what
(25:21 / All) christmas.bud: im gunna kill OJ
(25:22 / All) JulyBack2TheSty: i kill u
(25:25 / All) JulyBack2TheSty: ^noob
(25:29 / All) FunTimeWahoo: this aint checkers u dumbo
(26:10 / All) Hx)birita: LOL
(26:16 / All) Hx)birita: NIGGAS KILINg me
(26:57 / All) FunTimeWahoo: HELP
(27:02 / All) christmas.bud: stfu pussy
(27:59 / Allies) christmas.bud: let me take that mine purp
(28:05 / All) JulyBack2TheSty: come take it
(28:50 / Allies) christmas.bud: can i have gold
(28:51 / Allies) christmas.bud: for a min
(28:55 / All) ItsHipToBeTower: no
(29:03 / Allies) christmas.bud: ok
(29:05 / Allies) christmas.bud: im killing u
(29:14 / Allies) ItsHipToBeTower: try
(29:27 / Allies) christmas.bud: lets hit pink
(30:35 / Allies) christmas.bud: oj
(30:36 / Allies) christmas.bud: giokld okz
(30:38 / Allies) christmas.bud: gold plz*
(30:42 / Allies) ItsHipToBeTower: stfu
(30:46 / Allies) christmas.bud: Dude fuck u 
(30:57 / Allies) christmas.bud: greenb
(30:58 / Allies) christmas.bud: gold plz
(32:38 / Allies) christmas.bud: anyone need lumber?
(36:33 / Allies) christmas.bud: will this game ever end
(36:46 / All) Hx)birita: lol
(36:50 / All) Hx)birita: this shit never ends
(37:04 / Allies) ItsHipToBeTower: lumper please
(37:08 / Allies) christmas.bud: fuck u 
(37:09 / Allies) christmas.bud: bitch
(38:11 / All) JulyBack2TheSty: cease
(38:30 / Allies) sodbutthead: what the fuck dude
(38:36 / Allies) christmas.bud: hahahahahah
(38:40 / Allies) sodbutthead: bser bithch
(38:43 / Allies) christmas.bud: who
(38:46 / Allies) christmas.bud: purp
(38:48 / Allies) sodbutthead: purple
(38:51 / Allies) christmas.bud: Yeah
(38:56 / Allies) christmas.bud: purp and oj are fuck heads
(38:58 / Allies) sodbutthead: killin
(39:47 / All) imasscasters: did you tk each eother?
(40:21 / All) imasscasters: traffic jam
(40:34 / All) christmas.bud: haha
(41:24 / All) imasscasters: good team work guys
(41:28 / All) christmas.bud: gj blue
(41:30 / All) christmas.bud: oj is a fuck face
(41:33 / All) christmas.bud: i hope he dies
(41:34 / All) christmas.bud: in a fire
(42:37 / All) christmas.bud: haha
(42:52 / All) christmas.bud: pussy use wells
(43:42 / Allies) christmas.bud: sry
(43:44 / Allies) christmas.bud: thought u were other
(43:45 / Allies) christmas.bud: lol
(43:56 / All) JulyBack2TheSty: no violence in the dmz t u
(44:50 / All) imasscasters: i guess the most logical thing to do now is tk?
(45:44 / All) christmas.bud: Oj are u a dumb fuck with purp? they have morts to kill ur towers
(45:53 / All) imasscasters: lol
(45:56 / All) christmas.bud: seriously
(46:34 / All) ItsHipToBeTower: ty for help peink
(46:45 / All) FunTimeWahoo: suck my penicks
(46:46 / All) imasscasters: cuz you obviously couldnt do it alone
(46:52 / All) ItsHipToBeTower: pemis
(46:59 / All) JulyBack2TheSty: sproing
(48:58 / All) imasscasters: yeloow is the baller on our side
(49:03 / All) imasscasters: 12k gold ftw
(49:22 / All) imasscasters: afk
(53:39 / All) Poopert.Murdoch: My NAME is PoopERt. MURDCOHC.
(53:56 / All) Poopert.Murdoch: i yam aa welathy industrialsit.
(66:15 / All) Hx)birita: man
(66:46 / All) Hx)birita: u guys  must have  mental problem
(68:17 / All) ItsHipToBeTower: go
(68:21 / All) ItsHipToBeTower: kill tower
(68:36 / All) Hx)birita: come
(68:38 / All) Hx)birita: u
(68:43 / All) ItsHipToBeTower: no gold no unit
(68:46 / All) ItsHipToBeTower: (same for You)
(68:51 / All) Hx)birita: i got hero
(68:55 / All) ItsHipToBeTower: lmao.
(74:47 / All) ItsHipToBeTower: Bleu This is Your Christmas Present
(75:03 / All) ItsHipToBeTower: HTTP://HIGHPER.CH FOR ALL CHRISTMAS REPLAYS